AoeStats
← Lic. VELEZ Y VINO

Nomad

509703634Analyzed
4v4 RM · 6d ago on Sep 27, 2026· 37m 57s· 8 players
Game mode
Random Map
Map size
231×231
Population
200
Speed
Normal
Resources
Standard
Victory
Conquest
Starting age
Dark Age
Ending age
Imperial Age
RankedLock teamsTeams togetherTeam positionsShared explorationLock speedFull tech treeHidden civsTurbo modeCheats
Victory
Defeat
🇩🇪 Cumans · Germany
1657
+17
🇨🇳 Khmer · China
1643
+17
🇲🇽 Bulgarians · Mexico
1602
+19
🇧🇷 Wei · Brazil
1542
+21
🇦🇷 Byzantines · Argentina
1704
-20
🇦🇷 Tatars · Argentina
1686
-19
🇦🇷 Teutons · Argentina
1678
-19
🇦🇷 Goths · Argentina
1610
-16
SimmaHem7912
12:22 Feudal Age
12:52 Double-Bit Axe
12:57 Loom
17:43 Castle Age
16:01 Fishing Lines
16:55 Stone Mining
18:18 Forging
19:42 Iron Casting
19:30 Loom
20:02 Gillnets
20:36 Medium Warships
21:17 Wheelbarrow
24:42 Scale Barding Armor
25:34 Gold Mining
25:56 Horse Collar
27:19 Bloodlines
27:10 Husbandry
33:06 Imperial Age
34:17 Imperial Age
32:28 Fletching
33:30 Town Watch
35:20 Gold Shaft Mining
35:43 Ballistics
36:22 Heavy Warships
37:44 Heavy Warships
38:29 Blast Furnace
tim.13
4:42 Loom
5:10 Loom
13:10 Feudal Age
14:48 Fishing Lines
18:18 Castle Age
16:28 Double-Bit Axe
19:15 Medium Warships
19:19 Bow Saw
19:02 Gold Mining
19:18 Gillnets
21:17 Wheelbarrow
23:04 Bloodlines
24:57 Scale Barding Armor
27:21 Horse Collar
29:28 Chain Barding Armor
29:39 Forging
30:03 Husbandry
30:44 Gold Shaft Mining
31:28 Stone Mining
39:06 Imperial Age
38:11 Town Watch
[Liiit] Zbyszek
4:51 Loom
13:20 Feudal Age
18:04 Castle Age
15:51 Double-Bit Axe
16:35 Horse Collar
18:58 Bow Saw
19:54 Horse Collar
27:58 Stone Mining
29:36 Bloodlines
31:54 Wheelbarrow
31:21 Heavy Plow
31:12 Gold Mining
31:45 Scale Barding Armor
32:25 Forging
33:06 Hand Cart
36:43 Imperial Age
35:23 Chain Barding Armor
35:48 Gold Shaft Mining
37:52 Iron Casting
38:20 Plate Barding Armor
39:29 Blast Furnace
enricodias
4:27 Loom
14:43 Feudal Age
15:27 Double-Bit Axe
20:45 Castle Age
18:53 Scale Barding Armor
19:40 Forging
20:21 Bloodlines
21:48 Husbandry
22:13 Chain Barding Armor
24:32 Pikeman
26:00 Iron Casting
26:37 Squires
27:10 Gold Mining
28:54 Horse Collar
34:58 Bow Saw
36:31 Town Watch
37:49 Heavy Plow
gyNNNNN
4:46 Loom
12:49 Feudal Age
14:35 Double-Bit Axe
17:05 Castle Age
15:11 Gold Mining
15:31 Horse Collar
19:31 Bow Saw
19:26 Heavy Plow
22:52 Wheelbarrow
23:36 Scale Barding Armor
23:54 Forging
25:21 Chain Barding Armor
25:14 Scale Mail Armor
25:50 Iron Casting
26:36 Chain Mail Armor
28:04 Squires
27:49 Arson
28:02 Gambesons
30:09 Ironclad
30:19 Devotion
34:51 Imperial Age
32:37 Hand Cart
32:41 Fletching
32:20 Pikeman
37:49 Imperial Age
Bill Order
10:30 Loom
13:38 Feudal Age
18:51 Castle Age
17:13 Bloodlines
18:37 Double-Bit Axe
19:16 Scale Barding Armor
19:46 Bow Saw
19:20 Horse Collar
24:57 Pikeman
27:07 Squires
27:48 Scale Mail Armor
31:43 Chain Mail Armor
33:55 Forging
35:13 Stone Mining
MUERE CACA
10:29 Loom
13:00 Feudal Age
14:11 Double-Bit Axe
16:44 Castle Age
14:58 Fishing Lines
17:39 Bow Saw
17:32 Gillnets
19:21 Wheelbarrow
19:12 Scale Barding Armor
19:23 Bloodlines
22:34 Medium Warships
25:53 Fletching
36:44 Bodkin Arrow
Lic. VELEZ Y VINO
5:28 Loom
12:29 Feudal Age
13:13 Double-Bit Axe
21:59 Castle Age
20:55 Forging
22:52 Medium Warships
26:39 Sanctity
28:00 Fervor
28:40 Wheelbarrow
29:32 Horse Collar
31:00 Redemption
32:36 Heavy Plow
37:23 Imperial Age
Connection lost

Rejoining the realm…

Still unreachable

The connection could not be restored.

Session expired

The server has moved on; the page needs a fresh start.